 Dungeon Crawl Stone Soup version 0.22-b1-59-g0aedee7 (webtiles) character file.

319 Lew the Sneak (level 6, -5/48 HPs)
             Began as a Vampire Gladiator on Aug 9, 2018.
             Killed by divine providence
             ... invoked by an orc priest
              (15 damage)
             ... on level 4 of the Dungeon.
             The game lasted 00:11:29 (2706 turns).

Lew the Sneak (Vampire Gladiator)                   Turns: 2706, Time: 00:11:30

Health: -5/48      AC:  6    Str: 15    XL:     6   Next: 21%
Magic:  6/6        EV: 14    Int: 10    God:
Gold:   157        SH:  0    Dex: 16    Spells: 5/5 levels left

rFire    . . .     SeeInvis +   k - +0 short sword (venom)
rCold    . . .     Gourm    .   (no shield)
rNeg     + . .     Faith    .   b - +0 leather armour
rPois    .         Spirit   .   c - +0 helmet
rElec    .         Reflect  .   g - +0 cloak (curse)
rCorr    .         Harm     .   (no gloves)
MR       .....                  o - +0 pair of boots
Stlth    ++++......             (no amulet)
HPRegen  0.16/turn              l - ring of stealth
MPRegen  0.10/turn              (no ring)

@: no status effects
A: fangs 3, see invisible, unbreathing
a: Bat Form


You were on level 4 of the Dungeon.
You were not thirsty.

You visited 1 branch of the dungeon, and saw 4 of its levels.

You collected 157 gold pieces.

Inventory:

Hand Weapons
 k - a +0 short sword of venom (weapon)
Missiles
 d - 4 throwing nets (quivered)
Armour
 b - a +0 leather armour (worn)
 c - a +0 helmet (worn)
 g - a cursed +0 cloak (worn)
 o - a +0 pair of boots (worn)
Jewellery
 l - a ring of stealth (left hand)
 m - an uncursed ring of positive energy {unknown}
Scrolls
 f - a scroll of enchant armour {unknown}
 i - a scroll of amnesia
 p - a scroll of identify
 r - a scroll of remove curse {unknown}
Potions
 a - a potion of degeneration {unknown}
 e - 4 potions of blood
 h - a potion of might {unknown}
 n - a potion of flight {unknown}


   Skills:
 * Level 3.7 Fighting
 + Level 4.2 Short Blades
 - Level 1.5 Throwing
 + Level 4.4 Dodging
 * Level 5.3 Stealth


You had 5 spell levels left.
You didn't know any spells.
Your spell library was empty.

Dungeon Overview and Level Annotations

Branches:
Dungeon (4/15)
 Temple: D:4-7

Altars:
Nemelex Xobeh
Xom


Innate Abilities, Weirdness & Mutations

You have razor-sharp teeth.
You have supernaturally acute eyesight. (SInv)
You can survive without breathing.


Message History

You kill the orc priest!
Things that are here:
a club; an orc corpse You feel better.
You are too injured to fight recklessly!
The orc priest hits you but does no damage.
You are too injured to fight recklessly!
You hit the orc priest but do no damage.
You hit the orc priest but do no damage.
Your bite misses the orc priest. The orc priest barely misses you.
You barely miss the orc priest. The orc priest hits you.
* * * LOW HITPOINT WARNING * * *
You hit the orc priest but do no damage.
The orc priest is poisoned.
The orc priest hits you.
* * * LOW HITPOINT WARNING * * *
You barely miss the orc priest. Your bite misses the orc priest.
The orc priest misses you.
The orc priest mumbles some strange prayers to Beogh against you.
Beogh smites you!
You die...

#...............
#..)..[..........
...#............#
$..#....(.......#
................#
................##
#........)...#..##
##..#.o####..#...###
...
##..#..@)o)....##..
. ##.....$..........
##.####......###.
#.# ##.##..# #.# #.#
#.# #.# ... .# ..#
#.$.. . ..# #.....
.. ... ... s#


You could see an orc priest.

Vanquished Creatures
  A black bear (D:2)
  A scorpion (D:4)
  An orc priest (D:4)
  2 worker ants (D:4)
  4 adders (D:3)
  A worm (D:2)
  A dart slug (D:1)
  3 orcs
  6 bats
  6 giant cockroaches
  8 goblins
  5 hobgoblins
  5 jackals
  3 frilled lizards
  8 kobolds
  A leopard gecko skeleton (D:3)
  15 rats
71 creatures vanquished.

Notes
Turn   | Place    | Note
-------+----------+-------------------------------------------
     0 | D:1      | Lew the Vampire Gladiator began the quest for the Orb.
     0 | D:1      | Reached XP level 1. HP: 16/16 MP: 1/1
   182 | D:1      | Reached skill level 1 in Stealth
   331 | D:1      | Reached XP level 2. HP: 22/22 MP: 2/2
   654 | D:1      | Reached skill level 2 in Stealth
   871 | D:2      | Reached XP level 3. HP: 23/27 MP: 3/3
   929 | D:2      | Noticed a black bear
   941 | D:2      | Killed a black bear
   941 | D:2      | Reached skill level 3 in Stealth
   941 | D:2      | Reached XP level 4. HP: 18/35 MP: 4/4
  1320 | D:2      | Found a sparkling altar of Nemelex Xobeh.
  1529 | D:2      | Reached skill level 4 in Stealth
  1649 | D:3      | Reached XP level 5. HP: 39/41 MP: 5/5
  1980 | D:3      | Found a shattered altar of Ashenzari.
  1982 | D:3      | Found a shattered altar of Ashenzari.
  1982 | D:3      | Found a shimmering altar of Xom.
  1984 | D:3      | Found a blossoming altar of Fedhas.
  1984 | D:3      | Found a bloodstained altar of Trog.
  1984 | D:3      | Found a basalt altar of Yredelemnul.
  2684 | D:4      | Reached skill level 5 in Stealth
  2684 | D:4      | Reached XP level 6. HP: 34/48 MP: 6/6
  2706 | D:4      | Killed from afar by an orc priest

Skill      XL: |  1  2  3  4  5 |
---------------+----------------+-----
Stealth        | 1 2 3 4 5 |  5.3
Fighting       | 2 3 |  3.7
Dodging        | 4 |  4.4
Short Blades   | 4 |  4.2
Throwing       | |  1.5

Action                   |  1- 3 |  4- 6 || total
-------------------------+-------+-------++-------
Melee: Rapier            |    29 |       ||    29
       Bite              |     9 |    10 ||    19
       Short sword       |    52 |    85 ||   137
  Use: Scroll            |     6 |     1 ||     7
       Potion            |       |     6 ||     6
 Stab: Sleeping          |     5 |    10 ||    15
Armor: Leather armour    |    21 |    24 ||    45
Dodge: Dodged            |    54 |    60 ||   114
